Map: Prion Terraces

Players

xKawaiian - Winner!

  • Race: Terran Terran
  • League: Master

Kaptinplanet

  • Race: Zerg Zerg
  • League: Master

VOD

Have the link to the VOD?

Description

Time

  • Played on: Jan. 13, 2016, 7:30 a.m.
  • Length: 9:28
Show
View Real Time Build Order
Export as new Build Order

xKawaiian Terran - Winner!

Build Orders: Reaper Expand, MMM Bio 

Get SALT Encoding   

  12  0:01  SCV  
  13  0:13  SCV  
  14  0:17  Supply Depot  
  14  0:25  SCV  
  15  0:39  SCV  
  15  0:40  Barracks  
  16  0:46  Refinery  
  16  0:51  SCV  
  17  1:03  SCV  
  18  1:15  SCV  
  19  1:28  Orbital Command  
  19  1:30  Reaper  
  20  1:39  Command Center  
  20  1:48  Supply Depot  
  20  1:53  SCV  
  21  2:03  Barracks Reactor  
  21  2:06  SCV  
  21  2:08  Barracks  
  22  2:14  Barracks  
  22  2:19  SCV  
  23  2:31  SCV  
  24  2:40  Reaper x2  
  24  2:43  SCV  
  27  2:45  Refinery  
  27  2:55  Orbital Command  
  27  2:56  SCV  
  27  2:57  Barracks Tech Lab  
  29  3:11  SCV  
  30  3:13  Supply Depot  
  30  3:16  Marine x2  
  30  3:17  Marine x2  
  30  3:18  Stimpack  
  32  3:20  SCV  
  32  3:23  SCV  
  34  3:32  SCV, Factory  
  35  3:34  Marine  
  35  3:35  SCV  
  35  3:40  Marine  
  38  3:45  SCV  
  38  3:46  Marine x2  
  38  3:47  SCV  
  42  3:52  Supply Depot  
  42  3:56  Marine  
  42  3:57  SCV, Marine  
  42  4:00  SCV  
  46  4:03  Marine x2  
  46  4:09  SCV  
  49  4:12  SCV  
  49  4:14  Marine  
  49  4:15  Marine  
  52  4:17  Starport  
  52  4:18  Factory Reactor  
  52  4:21  SCV  
  52  4:23  Marine  
  52  4:24  SCV  
  56  4:30  Supply Depot  
  55  4:33  SCV  
  55  4:37  Armory, Marine, Barracks Reactor  
  55  4:38  Marine  
  57  4:41  Marine  
  57  4:44  SCV  
  59  4:46  SCV  
  60  4:53  Supply Depot  
  60  4:55  Marine x2  
  60  4:56  SCV  
  60  4:58  SCV  
  60  4:59  Medivac  
  66  5:01  Factory Reactor  
  66  5:05  Supply Depot  
  66  5:09  Refinery  
  66  5:10  SCV, Marine  
  66  5:11  Supply Depot, Refinery  
  66  5:14  Marine x2  
  68  5:15  Barracks  
  68  5:16  Barracks  
  70  5:26  Medivac, Marine x2  
  70  5:28  SCV  
  75  5:30  Marine  
  75  5:32  Marine  
  75  5:35  Supply Depot, Medivac  
  79  5:38  Marine  
  79  5:41  Hellion x2  
  84  5:43  SCV  
  84  5:44  SCV, Marine  
  84  5:49  Marine  
  88  5:50  Combat Shields  
  88  5:53  Marine x2  
  88  5:55  Marine  
  91  5:57  Medivac  
  91  6:00  SCV  
  94  6:08  Marine x2  
  94  6:09  Barracks Tech Lab x2  
  96  6:11  Marauder  
  96  6:17  Marine  
  99  6:19  Marine, Medivac  
  102  6:33  Supply Depot  
  102  6:34  Supply Depot x2  
  102  6:38  Marine x2  
  102  6:39  Marauder  
  96  6:53  Hellion x2  
  100  6:55  Command Center, Marine x2  
  100  6:57  SCV  
  103  7:06  SCV  
  104  7:09  SCV  
  104  7:14  Hellion  
  107  7:19  SCV  
  107  7:20  Marine x2  
  107  7:21  Hellion  
  107  7:22  Marine x3  
  105  7:35  Hellion  
  93  7:37  Marine  
  93  7:38  Marine  
  93  7:40  Marine x2  
  93  7:44  Marauder, Medivac, Marine  
  92  7:46  Engineering Bay  
  92  7:47  Engineering Bay  
  92  7:49  Marine  
  97  7:55  Marine  
  94  7:59  Marine x2  
  92  8:06  Marauder, Marine x2  
  92  8:07  Marauder, Widow Mine  
  92  8:09  Orbital Command  
  100  8:22  Marine x2  
  100  8:23  Marine x2  
  100  8:24  Marauder  
  100  8:25  Concussive Shells  
  106  8:28  SCV  
  106  8:30  Widow Mine  
  106  8:31  Medivac  
  106  8:34  Medivac  
  113  8:36  Marauder  
  115  8:42  Marine x2  
  115  8:43  Marauder  
  115  8:44  Marine  
  115  8:45  Marine  
  115  8:46  Marauder  
  123  8:57  Marine  
  123  9:00  Marine x2  
  123  9:02  Marine  
  130  9:08  Marine x3  
Show
View Real Time Build Order
Export as new Build Order

Kaptinplanet Zerg 

Build Orders: Hatch First, Muta Ling Bane 

Get SALT Encoding   

  12  0:01  Drone  
  13  0:08  Drone  
  14  0:17  Overlord  
  14  0:33  Drone x2, Extractor x2  
  14  0:37  Drone  
  17  0:56  Hatchery  
  16  0:58  Drone  
  16  1:01  Extractor  
  16  1:03  Drone  
  17  1:17  Spawning Pool  
  16  1:23  Drone  
  16  1:24  Drone  
  18  1:30  Drone  
  19  1:38  Overlord  
  19  1:59  Drone  
  20  2:04  Queen  
  20  2:08  Queen  
  22  2:09  Drone  
  22  2:10  Drone  
  22  2:15  Drone  
  27  2:23  Spine Crawler  
  27  2:25  Zergling x4  
  28  2:33  Overlord  
  28  2:35  Zergling x2  
  28  2:55  Drone  
  28  2:56  Drone x3, Queen  
  34  3:02  Metabolic Boost  
  34  3:12  Drone x3  
  37  3:23  Zergling x2  
  37  3:24  Zergling x4  
  39  3:45  Zergling x2  
  39  3:46  Zergling x8  
  43  3:48  Overlord  
  43  3:49  Overlord  
  43  4:02  Drone  
  44  4:04  Overlord  
  43  4:14  Drone  
  43  4:15  Drone x4  
  47  4:20  Lair  
  47  4:22  Extractor  
  46  4:27  Hatchery  
  46  4:30  Drone x2  
  47  4:36  Drone x2  
  46  4:50  Hatchery  
  46  4:51  Drone x2  
  47  4:58  Baneling Nest  
  46  5:11  Zergling x12  
  46  5:13  Extractor  
  46  5:14  Extractor  
  50  5:15  Spine Crawler  
  50  5:16  Spine Crawler  
  50  5:18  Spine Crawler  
  50  5:20  Drone  
  50  5:21  Drone, Spire  
  48  5:23  Queen x2  
  52  5:30  Overlord  
  52  5:31  Overlord  
  52  5:35  Overseer  
  52  5:40  Drone  
  52  5:41  Drone x6  
  59  5:47  Zergling x2  
  60  6:41  Drone  
  60  6:42  Drone x11  
  60  6:43  Zergling x2  
  60  6:44  Zergling x8  
  60  6:46  Baneling  
  60  6:47  Centrifical Hooks, Baneling x7  
  76  7:00  Zergling x14  
  83  7:08  Baneling x7  
  81  7:09  Zergling x2, Baneling  
  81  7:10  Zergling x4  
  62  7:37  Zergling x2  
  62  7:38  Zergling x18  
  71  7:46  Baneling x3  
  71  7:47  Zergling x6  
  63  8:10  Mutalisk x6  
  63  8:11  Mutalisk x3  
  81  8:16  Extractor  
  81  8:17  Extractor  
  79  8:28  Overlord x3  
  79  8:35  Drone x2  
  79  8:37  Overlord x4  
  81  8:46  Infestation Pit  
  80  8:49  Evolution Chamber  
  80  8:50  Evolution Chamber, Zergling x2  
  80  8:51  Zergling x10  
  80  8:53  Baneling x11  
Tags
 
Add a new tag
Caveats
  • Supply blocks, unpowered buildings, or Contaminate may cause inaccurate times.
  • Supply counts are checked every 10 seconds.